 Dungeon Crawl Stone Soup version 0.28-a0-1033-g1a2f33fa85 (webtiles) character file.

Game seed: 1586578305414971320

1652 siradein the Conjurer (level 8, -2/61 HPs)
             Began as a Purple Draconian Conjurer on Dec 7, 2021.
             Was an Initiate of Sif Muna.
             Slain by Duvessa (14 damage)
             ... on level 6 of the Dungeon on Dec 8, 2021.
             The game lasted 00:18:20 (8437 turns).

siradein the Conjurer (Purple Draconian Conjurer)   Turns: 8437, Time: 00:18:20

Health: -2/61      AC:  7    Str:  9    XL:     8   Next: 68%
Magic:  14/18      EV: 12    Int: 21    God:    Sif Muna [......]
Gold:   302        SH:  5    Dex: 10    Spells: 6/20 levels left

rFire   . . .      SeeInvis .   v - +2 short sword (venom)
rCold   . . .      Faith    .   q - +2 buckler
rNeg    . . .      Spirit   .   (armour unavailable)
rPois   .          Reflect  .   (helmet restricted)
rElec   .          Harm     .   (no cloak)
rCorr   .          Rampage  .   (no gloves)
Will    +....                   s - +0 pair of boots
Stlth   ++........              (no amulet)
HPRegen 0.20/turn               (no ring)
MPRegen 0.16/turn               (no ring)

@: short of breath
A: breathe power, AC +6, unfitting armour, cold-blooded
a: Breathe Dispelling Energy, Renounce Religion


You were on level 6 of the Dungeon.
You worshipped Sif Muna.
Sif Muna was noncommittal.
You visited 2 branches of the dungeon, and saw 7 of its levels.

You collected 302 gold pieces.

Inventory:

Hand Weapons
 v - a +2 short sword of venom (weapon)
Missiles
 u - a throwing net
Armour
 q - a +2 buckler (worn)
 s - a +0 pair of boots (worn)
Wands
 r - a wand of iceblast (8)
 t - a wand of paralysis (3)
Scrolls
 c - 4 scrolls of teleportation
 d - 4 scrolls of immolation
 g - a scroll of vulnerability {unknown}
 h - 3 scrolls of torment {unknown}
 i - a scroll of fog
 k - a scroll of blinking {unknown}
 n - a scroll of amnesia {unknown}
Potions
 a - 2 potions of lignification
 b - 2 potions of ambrosia {unknown}
 e - a potion of might {unknown}
 f - 2 potions of attraction {unknown}
 j - 2 potions of curing
 l - a potion of flight {unknown}
 m - a potion of cancellation {unknown}
 o - a potion of haste {unknown}
 p - a potion of degeneration {unknown}


   Skills:
 + Level 2.1 Fighting
 + Level 5.4 Dodging
 - Level 1.7 Stealth
 + Level 6.8 Spellcasting
 + Level 7.0 Conjurations
 + Level 2.0 Invocations
 + Level 3.6 Evocations


You had 6 spell levels left.
You knew the following spells:

 Your Spells              Type           Power      Damage    Failure   Level
a - Magic Dart            Conj           100%       1d8       1%          1
b - Searing Ray           Conj           72%        2d7       1%          2
c - Dazzling Flash        Conj/Hex       42%        N/A       11%         3
d - Fulminant Prism       Conj/Hex       10%        3d9       34%         4
e - Iskenderun's Mystic   Conj/Tloc      21%        2d6       34%         4

Your spell library contained the following spells:

 Spells                   Type           Power      Damage    Failure   Level
 Corpse Rot               Necr/Air       14%        N/A       22%         2
 Poisonous Vapours        Pois/Air       14%        N/A       22%         2


Dungeon Overview and Level Annotations

Branches:
Dungeon (6/15)             Temple (1/1) D:5

Altars:
Ashenzari
Cheibriados
Elyvilon
Fedhas
Gozag
Hepliaklqana
Makhleb
Okawaru
Sif Muna
Uskayaw
Wu Jian
The Shining One

Shops:
D:1 !   D:4 (

Annotations:
D:5 1 runed translucent door, cheechan's ghost, novice NaAE
D:6 2 transporters, Duvessa


Innate Abilities, Weirdness & Mutations

You can breathe bolts of dispelling energy.
Your rich purple scales are hard. (AC +6)
You cannot fit into any form of body armour.
You are cold-blooded and may be slowed by cold attacks.


Message History

Dowan blinks!
Duvessa hits you with a +0 rapier! Duvessa hits you with a +0 rapier.
You block Duvessa's attack. Duvessa closely misses you.
Dowan hisses, "Insulting my beauty only makes me fight harder!"
Duvessa hits you with a +0 rapier!
You have got your breath back.
Duvessa hits you with a +0 rapier!
Aiming: Breathe Dispelling Energy (4% risk of failure)
Press: ? - help, Shift-Dir - straight line, f - orc, p - Dowan
Aim: an orc, wielding a +0 dagger and wearing a +0 ring mail You breathe a bolt of dispelling energy.
The bolt of dispelling energy hits Duvessa but does no damage.
Duvessa is lightly wounded.
Duvessa's magical effects unravel!
The bolt of dispelling energy hits Dowan!
Dowan is severely wounded.
The bolt of dispelling energy hits the orc!
You kill the orc!
Sif Muna accepts your kill. Duvessa hits you with a +0 rapier!
* * * LOW HITPOINT WARNING * * *
Casting: Searing Ray (safe; 1% risk of failure)
Confirm with . or Enter, or press ? or * to list all spells.
Aiming: Searing Ray (safe; 1% risk of failure)
Press: ? - help, Shift-Dir - straight line, f - Dowan
Aim: Dowan, wielding a +1 dagger of venom and wearing a +0 robe (severely wounded, 73% to hit)
The searing ray hits Duvessa!
Duvessa is moderately wounded.
The searing ray hits Dowan!
You kill Dowan!
Sif Muna accepts your kill.
Duvessa screams, "No!
How DARE you!"
Duvessa goes berserk! (Press . to maintain the ray.)
You block Duvessa's attack.
Your Invocations skill increases to level 2!
The searing ray misses Duvessa.
Duvessa hits you with a +0 rapier!
You die...

#.#
##.......#
#.#
####........#
#.#
#....©.(..)##
#.#
#.#######..#
#.#
#.#8.©.8#.)#
#.#P.?.P#..#
#
#.###+###..#
#
#.#≈≈≈≈≈#.e#
#.#≈≈≈≈S#.@#
#.#≈≈≈≈S#..#
#.#≈P♣≈≈#..##
#.#≈P≈≈≈#.).#
#
#.#≈...≈#...#
#.#≈...≈#...#
#.###+###..>#
#.#P.$.P#.#.#
#.#8.©.8#.#.#


You could see Duvessa (berserk) and 2 electric eels.

Vanquished Creatures
  A black bear (D:6)
  2 ice beasts
  A sky beast (D:5)
  An ogre (D:5)
  A phantom (D:4)
  A centaur (D:5)
  A kobold brigand (D:3)
  A scorpion (D:6)
  A wyvern skeleton (D:5)
  Dowan (D:6)
  A bullfrog zombie (D:5)
  A centaur skeleton (D:4)
  4 hounds
  A centaur zombie (D:5)
  3 jellies
  A gnoll shaman (D:5)
  An orc priest (D:6)
  2 iguanas (D:4)
  3 orc wizards
  A hound zombie (D:5)
  Robin (D:4)
  7 gnolls
  A howler monkey skeleton (D:4)
  8 adders
  A shadow imp (D:5)
  A white imp (D:6)
  4 worms
  3 dart slugs
  12 orcs
  4 endoplasms
  4 giant cockroaches
  9 hobgoblins
  14 jackals
  2 quokkas
  6 ball pythons
  14 bats
  6 frilled lizards
  13 goblins
  10 kobolds
  6 rats
155 creatures vanquished.

Notes
Turn   | Place    | Note
-------+----------+-------------------------------------------
     0 | D:1      | siradein the Draconian Conjurer began the quest for the
                  | Orb.
     0 | D:1      | Reached XP level 1. HP: 14/14 MP: 3/3
   260 | D:1      | Reached XP level 2. HP: 20/20 MP: 3/5
   466 | D:1      | Learned a level 2 spell: Searing Ray
  1030 | D:1      | Found Juhemeot's Distillery.
  1189 | D:1      | Reached XP level 3. HP: 26/26 MP: 4/6
  2116 | D:2      | Reached XP level 4. HP: 33/33 MP: 5/8
  2623 | D:2      | Found a faded altar of an unknown god.
  3518 | D:3      | Noticed an ice beast
  3540 | D:3      | Killed an ice beast
  3541 | D:3      | Reached skill level 5 in Conjurations
  3541 | D:3      | Reached XP level 5. HP: 38/38 MP: 1/10
  3898 | D:3      | Learned a level 3 spell: Dazzling Flash
  4298 | D:3      | Reached XP level 6. HP: 45/45 MP: 6/11
  5241 | D:4      | Learned a level 4 spell: Fulminant Prism
  5382 | D:4      | Noticed Robin
  5646 | D:4      | Killed Robin
  5877 | D:4      | Reached skill level 6 in Conjurations
  5877 | D:4      | Your scales start taking on a rich purple colour.
  5877 | D:4      | Reached skill level 5 in Spellcasting
  5877 | D:4      | Reached XP level 7. HP: 50/50 MP: 5/15
  6144 | D:4      | Found Ziyf's Weapon Boutique.
  6221 | D:4      | Learned a level 4 spell: Iskenderun's Mystic Blast
  6430 | D:5      | Entered Level 5 of the Dungeon
  6443 | D:5      | Reached skill level 1 in Evocations
  6731 | D:5      | Found a runed translucent door.
  6738 | D:5      | Noticed cheechan's ghost (novice NaAE)
  6757 | D:5      | Reached XP level 8. HP: 57/57 MP: 9/17
  6864 | D:5      | Reached skill level 5 in Dodging
  7040 | D:5      | Found a staircase to the Ecumenical Temple.
  7055 | Temple   | Entered the Ecumenical Temple
  7163 | Temple   | Became a worshipper of Sif Muna the Loreminder
  7791 | D:6      | Found a transporter.
  7821 | D:6      | Found a transporter.
  7932 | D:6      | Reached skill level 1 in Fighting
  7960 | D:6      | Reached skill level 1 in Invocations
  8257 | D:6      | Reached skill level 7 in Conjurations
  8390 | D:6      | Noticed Duvessa
  8391 | D:6      | Noticed Dowan
  8436 | D:6      | Killed Dowan
  8437 | D:6      | Slain by Duvessa

Illustrated notes

Levels and vault maps discovered:
D:1:      erik_arrival_blinker_ship, layout_basic, serial_shops, shop,
          corexii_hall_statues_i
D:2:      layout_loops_corners, hellmonk_ecumenical_altar_blasted
D:3:      layout_basic, minmay_divided_ellipse
D:4:      layout_cave_pools, minmay_misc_feat_alley, nicolae_wooded_promenade,
          uniq_robin
D:5:      layout_loops_ring, minmay_temple_entry_hall,
          ebering_ghost_reflecting_pool
D:6:      gammafunk_steamed_eel, layout_basic, grunt_ministairs_8, uniq_duvessa
Temple:   nicolae_temple_x_marks_the_god

Skill      XL: |  1  2  3  4  5  6  7  8 |
---------------+-------------------------+-----
Dodging        | 2 3 4 5 |  5.4
Spellcasting   | 3 5 6 |  6.8
Conjurations   | 5 6 7 |  7.0
Evocations     | 2 3 |  3.6
Fighting       | 2 |  2.1
Invocations    | 2 |  2.0
Stealth        | |  1.7

Action                   |  1- 3 |  4- 6 |  7- 9 || total
-------------------------+-------+-------+-------++-------
Melee: Unarmed           |    11 |     9 |       ||    20
       Tailslap          |       |     1 |       ||     1
 Cast: Magic Dart        |    71 |   131 |    85 ||   287
       Searing Ray       |     5 |    22 |    24 ||    51
 Abil: Breathe Dispellin |       |       |    18 ||    18
  Use: Scroll            |       |       |     4 ||     4
Armor: Skin              |     6 |    29 |    14 ||    49
Dodge: Dodged            |    26 |    33 |    29 ||    88
Block: Buckler           |       |     8 |    12 ||    20

Table legend: (Time is in decaauts)
 A = Elapsed time spent in this place.
 B = Non-inter-level travel time spent in this place.
 C = Inter-level travel time spent in this place.
 D = Time resting spent in this place.
 E = Time spent auto-exploring this place.
 F = Levels seen in this place.
 G = Mean time per level.
                   A        B        C        D        E       F      G
               +--------+--------+--------+--------+--------+-----+--------+
         Total |   8441 |   8268 |    173 |    609 |   6486 |   7 | 1205.9 |
       Dungeon |   8320 |   8147 |    173 |    609 |   6398 |   6 | 1386.7 |
        Temple |    120 |    120 |      0 |      0 |     88 |   1 |  120.0 |
               +--------+--------+--------+--------+--------+-----+--------+

Top non-repeatable levels by time:
     D:3: 2190 daAuts
     D:1: 1648 daAuts
     D:2: 1632 daAuts
     D:5: 1158 daAuts
     D:4: 963 daAuts
     D:6: 727 daAuts
  Temple: 120 daAuts
